Cogmind - Beta 10.2 @@@ ROGUE MODE // 2021.01.18 @ 21:51:01 Player: Demise Result: Destroyed by D-53 Grenadier with Mini Grenade Launcher Performance ------------- Evolutions (0) 0 Regions Visited (4) 800 Robots Destroyed (37) 185 Value Destroyed (589) 589 Prototype IDs (26) 520 Alien Tech Used (0) 0 Bonus (300) 300 TOTAL SCORE: 2394 Bonus ------- Aligned with FarCom 300 Cogmind --------- Core Integrity 0/250 Matter 279/300 Energy 114/200 System Corruption 0% Temperature Cool (0) Movement Rolling (150) Ox5 Location -9/Mines Parts ------- > --- POWER (1) -------- Cold Fusion Reactor > --- PROPULSION (2) --- Compact Wheel > --- UTILITY (2) ------ High-capacity Storage Unit High-capacity Storage Unit > --- WEAPON (2) ------- Heavy Assault Rifle Heavy Assault Rifle > --- INVENTORY (20) --- Makeshift Power Source High-capacity Storage Unit High-capacity Storage Unit High-capacity Matter Pod (200) Experimental Sensor Array Modified TNC Improved Target Analyzer Advanced Transmission Jammer Hardened Light Armor Plating Hardened Light Armor Plating Makeshift Hacking Suite Makeshift System Shield Corruption Screen System Purifier Decoy Drone Bay Mini Grenade Launcher Longsword +1 Peak State ------------ > --- POWER ------------ Light Neutrino Core > --- PROPULSION ------- Improved Treads Improved Treads > --- UTILITY ---------- High-capacity Storage Unit System Purifier > --- WEAPON ----------- Heavy Assault Rifle Plasma Cutter > --- INVENTORY -------- Ion Engine Improved Treads Improved Treads High-capacity Storage Unit High-capacity Matter Pod Transport Network Coupler Hardened Light Armor Plating Hardened Light Armor Plating Decoy Drone Bay Heavy Assault Rifle [Rating: 27] Favorites ----------- Power Ion Engine Engine Ion Engine Power Core Light Neutrino Core Reactor Cold Fusion Reactor Propulsion Improved Treads Treads Improved Treads Wheel Compact Wheel Utility High-capacity Storage Unit Device System Purifier Storage High-capacity Storage Unit Processor Signal Interpreter Protection Hardened Light Armor Plating Weapon Heavy Assault Rifle Ballistic Gun Heavy Assault Rifle Launcher Mini Grenade Launcher Special Weapon Plasma Cutter Build | -11 -10 -10 -10 -9 ------- Run | Scr Mat Min Exi Min Slots Evolved . | . . . . . Power . | . . . . . Propulsion . | . . . . . Utility . | . . . . . Weapon . | . . . . . Parts Attached 73 | 5 33 2 21 12 Power 9 | . 4 . 4 1 Engine 5 | . 4 . 1 . Core 2 | . . . 2 . Reactor 2 | . . . 1 1 Propulsion 13 | 2 6 . 2 3 Treads 10 | 2 6 . 2 . Leg . | . . . . . Wheel 3 | . . . . 3 Hover . | . . . . . Flight . | . . . . . Utility 15 | 1 6 . 8 . Device 1 | . . . 1 . Storage 9 | . 3 . 6 . Processor 4 | 1 3 . . . Hackware . | . . . . . Protection 1 | . . . 1 . Artifact . | . . . . . Weapon 36 | 2 17 2 7 8 Energy Gun . | . . . . . Energy Cannon . | . . . . . Ballistic Gun 25 | 2 14 1 3 5 Ballistic Cannon . | . . . . . Launcher 8 | . 1 1 3 3 Special Weapon 3 | . 2 . 1 . Impact Weapon . | . . . . . Slashing Weapon . | . . . . . Piercing Weapon . | . . . . . Special Melee Weapon . | . . . . . Unidentified Prototypes 3 | . . . 3 . Parts Lost 8 | . 1 . 2 5 Power 2 | . . . 1 1 Propulsion 4 | . 1 . . 3 Utility . | . . . . . Weapon 2 | . . . 1 1 Highest Loss Streak 3 | . 1 . 2 3 Average Slot Usage (%) 96 | . 84 100 99 97 Engine 8 | . 7 14 8 . Core 3 | . . . 4 14 Treads 26 | . 26 28 28 14 Wheel 1 | . . . . 10 Storage 22 | . 12 28 24 28 Processor 1 | . 8 . . . Protection 1 | . . . 2 . Ballistic Gun 22 | . 26 26 19 27 Launcher 1 | . . 1 2 . Special Weapon 3 | . 1 . 6 . Naked Turns . | . . . . . Heaviest Build 80 | 4 43 43 80 78 Greatest Support 46 | 3 46 46 46 46 Greatest Overweight (x) 25 | 1 3 . 1 25 Average Overweight (x) . | . . . . 1 Largest Inventory Capacity 20 | 4 16 16 20 20 Average Capacity 15 | 4 9 16 17 20 Most Carried 20 | 4 16 16 20 20 Average Carried 13 | 3 7 15 14 19 Final Capacity 20 | 4 16 16 20 20 Final Carried 20 | 4 16 16 20 18 Class Distribution -------------------- 60% | Mutant 39% | Hauler-Mutant Dominant Class ---------------- Mutant | -10/Materials Mutant | -10/Mines Hauler-Mutant | -10/Exiles Hauler-Mutant | -9/Mines Resources | -11 -10 -10 -10 -9 ----------- Run | Scr Mat Min Exi Min Matter Collected 2191 | 258 597 131 897 308 Remotely . | . . . . . Salvage Created 1354 | 88 463 117 453 233 Parts 130 | 6 32 10 80 2 Haulers Intercepted 2 | . 2 . . . Recyclers Shooed . | . . . . . Parts Field Recycled . | . . . . . Retrieved Matter . | . . . . . Parts Self-Destructed . | . . . . . Prevented . | . . . . . Kills | -11 -10 -10 -10 -9 ------- Run | Scr Mat Min Exi Min Combat Hostiles Destroyed 30 | . 9 2 4 15 Guns 15 | . 7 . . 8 AOE 15 | . 2 2 4 7 Classes Destroyed 11 | 2 6 . 3 . Worker 4 | . 1 2 . 1 Builder 1 | . 1 . . . Tunneler 2 | 1 . 1 . . Hauler 2 | . 2 . . . Recycler 2 | 1 . . . 1 Turret 1 | . . . 1 . Watcher 3 | . 3 . . . Swarmer 2 | . 2 . . . Grunt 10 | . 7 2 . 1 Zionite 8 | . . . 8 . Assembled 18 | . . . 4 14 Best Kill Streak 6 | 1 6 2 4 5 Combat Bots Only 5 | . 2 2 4 5 Max Kills in Single Turn 3 | 1 2 1 3 3 Gunslinging . | . . . . . Exploded 3 | . 2 1 3 3 Melee . | . . . . . Uniques/NPCs Destroyed 4 | . . . 4 . 8R-AWN (-10/Exiles) EX-BIN (-10/Exiles) EX-DEC (-10/Exiles) EX-HEX (-10/Exiles) Combat | -11 -10 -10 -10 -9 -------- Run | Scr Mat Min Exi Min Damage Taken 2046 | . 564 94 722 666 Core 252 | . 120 48 46 38 Absorbed by Shields . | . . . . . Core Remaining (%) 100 | 100 . . . . Volleys Fired 238 | 3 64 18 119 34 Largest 2 | 2 2 2 2 2 Hottest 100 | 40 100 46 46 53 Shots Fired 345 | 6 120 30 134 55 Gun 267 | 6 112 24 77 48 Cannon . | . . . . . Launcher 28 | . 2 6 13 7 Special 50 | . 6 . 44 . Kinetic 267 | 6 112 24 77 48 Thermal 50 | . 6 . 44 . Explosive 28 | . 2 6 13 7 Electromagnetic . | . . . . . Robot Hit Streak 10 | 2 10 7 9 8 Robot Miss Streak 4 | 2 3 2 4 3 Penetration Max . | . . . . . Secondary Targets . | . . . . . Shots Hit Robots 204 | 3 72 17 86 26 Core Hits 109 | 3 30 6 38 32 Critical Hits 8 | . . . 8 . Critical Kills 2 | . . . 2 . Critical Parts Destroyed 3 | . . . 3 . Melee Attacks . | . . . . . Impact . | . . . . . Slashing . | . . . . . Piercing . | . . . . . Sneak Attacks . | . . . . . Combat Hostiles . | . . . . . Follow-up Attacks . | . . . . . Damage Inflicted 4035 | 35 1049 350 1742 859 Guns 2258 | 35 863 143 811 406 Cannons . | . . . . . Explosions 1374 | . 186 207 528 453 Melee . | . . . . . Ramming . | . . . . . Kinetic 2258 | 35 863 143 811 406 Thermal 403 | . . . 403 . Explosive 1374 | . 186 207 528 453 Electromagnetic . | . . . . . Impact . | . . . . . Slashing . | . . . . . Piercing . | . . . . . Highest Corruption 1 | . . . 1 . Average Corruption 1 | . . . 1 . Corruption Purged 1 | . . . 1 . Effects 1 | . . . 1 . Energy Discharges 1 | . . . 1 . Overload Shots . | . . . . . Overflow Damage 39 | . 10 16 . 13 Projectiles . | . . . . . Explosions 39 | . 10 16 . 13 Melee . | . . . . . Knockbacks . | . . . . . Impact . | . . . . . Kinetic . | . . . . . Secondary . | . . . . . Self-Inflicted Damage 119 | . . 31 . 88 Shots 3 | . . 1 . 2 Rammed . | . . . . . Targets Rammed . | . . . . . Kicked . | . . . . . Crushed . | . . . . . Highest Temperature 9 | . 4 4 . 9 Average Temperature 3 | . 2 4 . 7 Received Heat Transfer 359 | . 288 36 . 35 Siege Activations . | . . . . . Robots Corrupted . | . . . . . Combat Hostiles . | . . . . . Parts Fried . | . . . . . Impact Corruptions . | . . . . . Robots Melted . | . . . . . Combat Hostiles . | . . . . . Parts Melted 13 | . . . 13 . Heat Transferred 1369 | . . . 1369 . Parts Sabotaged . | . . . . . Parts Stolen . | . . . . . Parts Stripped . | . . . . . Power Chain Reactions . | . . . . . Missiles Intercepted . | . . . . . Alert | -11 -10 -10 -10 -9 ------- Run | Scr Mat Min Exi Min Peak Influence 314 | 10 314 35 . 65 Initial 6 | . 6 . . . Average 37 | 4 70 8 . 24 Maximum Alert Level 1 | . 1 . . . Low Security (%) 94 | 100 87 100 . 100 Level 1 5 | . 12 . . . Level 2 . | . . . . . Level 3 . | . . . . . Level 4 . | . . . . . Level 5 . | . . . . . High Security . | . . . . . Max Security . | . . . . . Squads Dispatched 1 | . 1 . . . Investigation 1 | . 1 . . . Extermination . | . . . . . Reinforcement . | . . . . . Assault . | . . . . . Garrison . | . . . . . Intercept . | . . . . . Construction Impeded . | . . . . . Haulers Reinforced . | . . . . . Stealth | -11 -10 -10 -10 -9 --------- Run | Scr Mat Min Exi Min Distress Signals 2 | . 2 . . . Communications Jammed . | . . . . . Distress Signals . | . . . . . Times Spotted 71 | . 18 2 32 19 Peak Tracking Total 9 | . 4 2 9 6 Tactical Retreats 13 | . 2 . 9 2 Traps | -11 -10 -10 -10 -9 ------- Run | Scr Mat Min Exi Min Traps Triggered 3 | . 3 . . . Indirectly . | . . . . . Trap Hack Attempts . | . . . . . Triggered . | . . . . . Disarmed . | . . . . . Reprogrammed . | . . . . . Reused 4 | . . . 4 . Traps Extracted . | . . . . . Installed 4 | . . . 4 . Triggered . | . . . . . Exploded 3 | . . . 3 . Machines | -11 -10 -10 -10 -9 ---------- Run | Scr Mat Min Exi Min Machines Disabled 9 | . . . 7 2 Max in Single Turn 2 | . . . 1 2 Machines Sabotaged . | . . . . . Garrisons Compromised . | . . . . . Overloaded Fab Kills . | . . . . . Fab Network Shutdowns . | . . . . . Hacking | -11 -10 -10 -10 -9 --------- Run | Scr Mat Min Exi Min Machines Accessed 13 | . 10 1 2 . Terminals 7 | . 7 . . . Fabricators . | . . . . . Repair Stations 1 | . 1 . . . Recycling Units 2 | . 2 . . . Scanalyzers . | . . . . . Garrison Access . | . . . . . Total Hacks 47 | . 41 1 5 . Successful 29 | . 23 1 5 . Failed 17 | . 17 . . . Catastrophic 2 | . 2 . . . Database Lockouts 1 | . 1 . . . Manual 30 | . 29 . 1 . Terminals 33 | . 33 . . . Fabricators . | . . . . . Repair Stations 3 | . 3 . . . Recycling Units 5 | . 5 . . . Scanalyzers . | . . . . . Garrison Access . | . . . . . Terminal Hacks 15 | . 9 1 5 . Record 4 | . . . 4 . Robot Analysis 2 | . 2 . . . Open Door 1 | . . 1 . . Emergency Access Points 1 | . 1 . . . Terminal Index 1 | . 1 . . . Recycling Unit Index 1 | . 1 . . . Unreport Threat 2 | . 2 . . . Locate Traps 1 | . 1 . . . Zone Layout 1 | . 1 . . . EX-Prototype ID Bank 1 | . . . 1 . Fabricator Hacks . | . . . . . Repair Station Hacks 3 | . 3 . . . Scan Component 2 | . 2 . . . Repair 1 | . 1 . . . Recycling Unit Hacks . | . . . . . Scanalyzer . | . . . . . Garrison Access Hacks . | . . . . . Unauthorized Hacks 11 | . 11 . . . Terminals 9 | . 9 . . . Track 3 | . 3 . . . Botnet 5 | . 5 . . . Operators 1 | . 1 . . . Fabricators . | . . . . . Repair Stations . | . . . . . Recycling Units 2 | . 2 . . . Mask 2 | . 2 . . . Scanalyzers . | . . . . . Garrison Access . | . . . . . Data Cores Recovered . | . . . . . Used . | . . . . . Hacking Detections 9 | . 9 . . . Full Trace Events 1 | . 1 . . . Feedback Events . | . . . . . Feedback Blocked . | . . . . . Robot Schematics Acquired . | . . . . . Robots Built . | . . . . . Matter . | . . . . . Time . | . . . . . Total Robot Build Rating . | . . . . . Part Schematics Acquired . | . . . . . Parts Built . | . . . . . Matter . | . . . . . Time . | . . . . . Total Part Build Rating . | . . . . . Parts Repaired 1 | . 1 . . . Time 26 | . 26 . . . Parts Recycled . | . . . . . Recycled Matter . | . . . . . Retrieved Matter . | . . . . . Retrieved Components . | . . . . . Parts Scanalyzed . | . . . . . Part Schematics Acquired . | . . . . . Parts Damaged . | . . . . . Bothacking | -11 -10 -10 -10 -9 ------------ Run | Scr Mat Min Exi Min Used RIF Installer . | . . . . . Robots Hacked . | . . . . . Non-combat . | . . . . . Combat . | . . . . . Robot Hacks Applied . | . . . . . Relay Couplers Released . | . . . . . Robots Rewired . | . . . . . Allies Hacked . | . . . . . Hacks Repelled . | . . . . . Allies | -11 -10 -10 -10 -9 -------- Run | Scr Mat Min Exi Min Total Allies . | . . . . . Largest Group . | . . . . . Highest-Rated Group . | . . . . . Highest-Rated Ally . | . . . . . Total Orders . | . . . . . Ally Attacks 6 | . . . 6 . Total Damage 322 | . . . 322 . Kills 1 | . . . 1 . Allies Corrupted . | . . . . . Allies Melted . | . . . . . Turrets Deployed 3 | . . . 3 . Intel | -11 -10 -10 -10 -9 ------- Run | Scr Mat Min Exi Min Robot Analysis Total 2 | . 2 . . . Derelict Logs Recovered 3 | . . 2 . 1 Drone Launches . | . . . . . Drone Recoveries . | . . . . . Exploration | -11 -10 -10 -10 -9 ------------- Run | Scr Mat Min Exi Min Turns Passed 5904 | 65 1232 1008 2946 653 Spaces Moved 3336 | 48 888 593 1438 369 Core 588 | 48 538 . . 2 Treads 2537 | . 350 593 1438 156 Legs . | . . . . . Wheels 211 | . . . . 211 Hover . | . . . . . Flight . | . . . . . Fastest Speed 50 | 50 50 160 160 110 Average Speed 149 | 91 104 160 175 147 Slowest Speed 1300 | 100 200 160 180 1300 Overloaded Moves . | . . . . . Propulsion Burnouts . | . . . . . Robots Hopped . | . . . . . Cave-ins Triggered . | . . . . . Exploration Rate (%) 66 | 4 99 93 90 47 Regions Visited 4 Branch Regions 3 Pre-discovered Areas 2 | . . 1 1 . Known Exits Taken 1 | . 1 . . . Unknown Exits Taken 3 | 1 . 1 1 . Scrap Searched 3 | . . 3 . . Spaces Dug 13 | . 2 . . 11 Terrain Destroyed 161 | . 10 54 14 83 Melee . | . . . . . Projectile 3 | . 3 . . . AOE 158 | . 7 54 14 83 Terrain Rammed . | . . . . . Walls Destroyed . | . . . . . Machines Disabled . | . . . . . Actions | -11 -10 -10 -10 -9 --------- Run | Scr Mat Min Exi Min Total 3870 | 61 1074 625 1689 421 Wait 86 | . 42 . 39 5 Move 3332 | 47 887 592 1437 369 Hop . | . . . . . Pick Up 66 | 5 24 6 31 . Fast Attach 23 | 5 11 . 5 2 Attach 15 | . 6 . 7 2 Detach 16 | . 7 . 9 . Swap 35 | . 16 2 9 8 Drop 55 | 1 17 7 29 1 Fire 238 | 3 64 18 119 34 Melee . | . . . . . Ram . | . . . . . Kick . | . . . . . Crush . | . . . . . Escape Stasis . | . . . . . Rewire . | . . . . . Trap 4 | . . . 4 . Miscellaneous . | . . . . . Route ------- -11/Scrapyard -10/Materials (discovered 5 exits: *Mat x3 / *Min x2) -10/Mines (discovered 2 exits: *Mat / *Exi) -10/Exiles (discovered 2 exits: [*Min x2]) -9/Mines (discovered 2 exits: [*Mat x2]) History --------- Turn | Location | Event 2 | -11/Scrapyard | Met Revision 17 26 | -11/Scrapyard | Discovered new exit (range 15) 66 | -11/Scrapyard | Entered Materials 169 | -10/Materials | Discovered new exit (range 16) 181 | -10/Materials | Identified exit to Mines 232 | -10/Materials | Discovered new exit (range 18) 249 | -10/Materials | Identified exit to Materials 309 | -10/Materials | Build established: Mutant 423 | -10/Materials | Discovered exit to Mines (range 17) 461 | -10/Materials | Central database locked down 474 | -10/Materials | Discovered exit to Materials (range 16) 567 | -10/Materials | Discovered exit to Materials (range 11) 872 | -10/Materials | Repaired Assault Rifle 1298 | -10/Materials | Entered Mines 1322 | -10/Mines | Met a Derelict bent on vengeance 1370 | -10/Mines | Found a damaged Exp. Sensor Array with a note attached 1374 | -10/Mines | Found Prototype Device 1438 | -10/Mines | Found a hidden stash of uninstalled traps 1512 | -10/Mines | Learned Materials terminal intel 1516 | -10/Mines | Learned Materials trap positions 1817 | -10/Mines | Learned location of Storage (-8) 1891 | -10/Mines | Found the Drone Emporium 1902 | -10/Mines | Found Prototype Device 2064 | -10/Mines | Discovered exit to Materials (range 9) 2100 | -10/Mines | Core integrity fell below 50% 2300 | -10/Mines | Deemed a non-threat by the Exiles lab entrance 2300 | -10/Mines | Discovered new exit (range 5) 2306 | -10/Mines | Entered Exiles 2327 | -10/Exiles | Discovered new exit (range 15) 2346 | -10/Exiles | Met 8R-AWN 2388 | -10/Exiles | Met EX-HEX 2491 | -10/Exiles | Met EX-DEC 2523 | -10/Exiles | Learned location of Zion (-6) 2554 | -10/Exiles | Met EX-BIN 2579 | -10/Exiles | Aligned with FarCom system 2581 | -10/Exiles | Given EX-Vault access code 2622 | -10/Exiles | Opened EX-Vault 2633 | -10/Exiles | Found Deploy-a-Sentry 2636 | -10/Exiles | Found Deploy-a-Sentry 2638 | -10/Exiles | Found Deploy-a-Sentry 2674 | -10/Exiles | Warned to stay clear of 0b10 Research branches 2850 | -10/Exiles | Discovered new exit (range 10) 3065 | -10/Exiles | Build established: Hauler-Mutant 3305 | -10/Exiles | Attacked by the Exiles 3417 | -10/Exiles | Core integrity fell below 20% 3450 | -10/Exiles | DAS Turret deployed 3452 | -10/Exiles | DAS Turret deployed 3454 | -10/Exiles | DAS Turret deployed 3454 | -10/Exiles | Allies destroyed 8R-AWN 3642 | -10/Exiles | Build established: Mutant 4071 | -10/Exiles | Destroyed EX-BIN 4169 | -10/Exiles | Destroyed EX-DEC 4217 | -10/Exiles | Build established: Hauler-Mutant 4245 | -10/Exiles | Destroyed EX-HEX 4322 | -10/Exiles | Found Prototype Device 4322 | -10/Exiles | Identified System Purifier 4709 | -10/Exiles | Found Longsword +1 4717 | -10/Exiles | Found Modified TNC 5252 | -10/Exiles | Stole two prototypes: Modified TNC, Longsword +1 5252 | -10/Exiles | Entered Mines 5253 | -9/Mines | Assembled infested the area 5258 | -9/Mines | Assisted by a Guerilla fighting off Assembled 5690 | -9/Mines | Learned location of 1 exit from Proximity Caves 5691 | -9/Mines | Discovered new exit (range 11) 5871 | -9/Mines | Discovered new exit (range 11) 5905 | -9/Mines | Destroyed by D-53 Grenadier with Mini Grenade Launcher Last Messages --------------- 05673_ Acquired 4 matter. 05676_ Acquired 6 matter. 05681_ K-01 Serf collects debris. 05690_ Acquired derelict log, extracted data. Data stored: Proximity Caves exits (x1). 05691_ EXIT=FOUND 05742_ U-05 Engineer lays Concrete. 05744_ K-01 Serf collects debris. 05746_ U-05 Engineer lays Concrete. 05748_ K-01 Serf collects debris. 05796_ T-07 Excavator is excavating. 05856_ U-05 Engineer builds a Wall. 05863_ K-01 Serf destroyed. 05864_ Acquired 6 matter. 05871_ EXIT=FOUND 05894_ R-06 Scavenger destroyed. 05898_ Acquired 12 matter. 05901_ Hvy. Assault Rifle destroyed. 05901_ Lgt. Neutrino Core destroyed. 05903_ Wheel destroyed. Map ----- +----------------------------------------------------+ | ?????????????????????????????????????????????????? | | ?????????????????????????????????????????????????? | | ?????????????????????????????????????????????????? | | ?????????????????????????????????????????????????? | | ?????????????????????????????????????????????????? | | ?????????????????????????????????????????????????? | | ?????????????????????????????????????????????????? | | ?????????????????????????????????????????????????? | | ?????????????????????????????????????????????????? | | ?????????????????????????????????????????????????? | | ?????????????????????????????????????????????????? | | ?????????????????????????????????????????????????? | | ?????????????????????????????????????????????????? | | ?????????????????????????????????????????????????? | | ?????????????????????????????????????????????????? | | ?????????????????????????????????????????????????? | | ?????????????????????????????????????????????????? | | ??????????????????????????????#??????????????????? | | ?????????????????????%??????? ##?????????????????? | | ????????????????????%%??????? ??????????????????? | | ??????????????????#%???????? ???????????????????? | | ?????????????????%%?=####### ????????????????????? | | ????????????????%## !# #????????????????????? | | ?????????????? %% # # #????????????????????? | | ????????????? % # !%%d% #################????? | | ????????#### ## @ #????? | | ????????#%% # * """ #????? | | ????????# ## ### ""=% ** #????? | | ????????# #????? ###?# ! *"""! %%% #????? | | ????????# #???????????###!##!=%k%=% %< #????? | | ????????# #?????????????#|##=%"""* %%% #????? | | ????????# #?????????????#=##!%=""!!% #????? | | ????????# #?????????????#%!%%=""" = #????? | | ######??# #?????????????#!##%%!= #????? | | #??# #?????????????#=###################????? | | [ #### #?????????????#%#????????????#####?????? | | !%[ #???????????###!##?????####### ##????? | | %= =######??????????##!!*%##??######## ###### | | #??????????####=|%!!*#### ## | | ##?????????## =%!%*!#### % %=*% | | ## # #????????## ### ## = % !*%%=*!%|! | | ### ####???????## ###?## ! ! =!= = % =%%=%% | | #?###??????????# ##????## ###!%*= !!*%=###! | | #??????????????# ##??????## #### # ## =##?## | | ##?????????????# ##????????###??#### ## ##???# | | ##???????????## ##?????????????????#### #????# | | ############# ##????????????????????# =#????# | | ## #???###??????????????# %#????# | | "########### ## # ####???????# *#????#% | | #?????????# = #???????# %#????# | +----------------------------------------------------+ Best States ------------- Heat Dissipation 25 Energy Generation 19 Energy Capacity 250 Matter Stores 300 Matter Capacity 300 Sight Range 18 Terrain Scan Density 60 Armor Coverage 150 Evasion (%) 50 Targeting Accuracy 5 Recoil Reduction 2 Item Schematics ----------------- None Robot Schematics ------------------ None Fabricated ------------ Nothing Alien Tech Used ----------------- None Achievements -------------- None Challenges ------------ None Game ------ Seed ProtonFieldWell Manual? 0 Play Time 00:47:31 Cumulative 222.7 hours Start 2021.01.18 @ 21:06:56 End 2021.01.18 @ 21:51:01 Sessions 1 Manual Loads 0 Difficulty Rogue Special Mode None Game No. 201 Rogue 201 Adventurer 0 Explorer 0 Win Type - Total 1 Types 0/0/0/1/0/0/0/0/0 Lore% 60 Gallery% 71 Achievement% 57 Wizard Run 0 Options --------- ASCII 0 Keyboard 1 Movement Numpad Keybinds 0 Fullscreen 1 Font 12/Terminus Map View 83x54 Tactical HUD 1 Map Filters NONE Filters NONE Steam 1 RUN: ce2c6e4d-4ac3-4d81-9ada-f84d438fd6fb